[ AOE2 MATCH · #476642137 ]
UnrankedPersians vs Jurchens
[ REPLAY ANALYSIS · EXTRACTED FROM THE RECORDED GAME ]
Feudal
9:58
Castle
23:49
Imperial
43:02
| APM avg | 18.3 |
| APM peak | 71 |
| eAPM avg | 11.5 |
| Villagers / military | 111 / 54 |
Focus
⚔️ 19.8% · 🌾 80.2%
Camel Scout ×32 · Scout Cavalry ×11 · Trade Cart ×7 · Trebuchet (Packed) ×4 · Militia ×3 · War Elephant ×3
Feudal
9:37
Castle
25:44
Imperial
38:27
| APM avg | 20.3 |
| APM peak | 50 |
| eAPM avg | 13.3 |
| Villagers / military | 126 / 113 |
Focus
⚔️ 26.6% · 🌾 73.4%
Spearman ×46 · Iron Pagoda ×28 · Trade Cart ×26 · Fire Lancer ×24 · Scout Cavalry ×13 · Unknown (1911) ×3
Feudal
9:30
Castle
22:01
Imperial
41:28
| APM avg | 17.4 |
| APM peak | 66 |
| eAPM avg | 10.8 |
| Villagers / military | 96 / 159 |
Focus
⚔️ 28.6% · 🌾 71.4%
Spearman ×108 · Archer ×20 · Skirmisher ×11 · Longbowman ×10 · Scorpion ×6 · Monk ×2
Feudal
9:50
Castle
23:41
Imperial
43:13
| APM avg | 8.9 |
| APM peak | 35 |
| eAPM avg | 7.4 |
| Villagers / military | 93 / 100 |
Focus
⚔️ 23.8% · 🌾 76.2%
Archer ×68 · War Elephant ×25 · Spearman ×4 · Knight ×3
Feudal
11:30
Castle
20:03
Imperial
32:23
| APM avg | 40.7 |
| APM peak | 92 |
| eAPM avg | 25.4 |
| Villagers / military | 131 / 292 |
Focus
⚔️ 30.8% · 🌾 69.2%
Scout Cavalry ×190 · Knight ×85 · Conquistador ×8 · Trebuchet (Packed) ×6 · Monk ×1 · Mangonel ×1
Feudal
13:22
Castle
20:52
Imperial
35:39
| APM avg | 18.8 |
| APM peak | 80 |
| eAPM avg | 10.9 |
| Villagers / military | 83 / 106 |
Focus
⚔️ 20.1% · 🌾 79.9%
Knight ×64 · Teutonic Knight ×37 · Monk ×3 · Spearman ×2
Feudal
12:19
Castle
21:20
Imperial
35:13
| APM avg | 15.9 |
| APM peak | 49 |
| eAPM avg | 9.2 |
| Villagers / military | 76 / 93 |
Focus
⚔️ 30.9% · 🌾 69.1%
Battle Elephant ×37 · Spearman ×30 · Ballista Elephant ×19 · Scorpion ×6 · Monk ×1
Feudal
13:29
Castle
22:01
Imperial
41:05
| APM avg | 13.2 |
| APM peak | 34 |
| eAPM avg | 7.4 |
| Villagers / military | 94 / 190 |
Focus
⚔️ 33.1% · 🌾 66.9%
Spearman ×90 · Scorpion ×40 · Skirmisher ×30 · Cavalry Archer ×15 · Knight ×10 · Centurion ×5
Match map
Initial resources + every placement click. Lines = walls · curves = elevation contours. ◆ gold · ⬟ stone · ● berries · ✦ relic · ◌ wall gap
Your base· Open — unwalled flank
miner_mines's base· ✓ Closed at 25:44 · 3t walls · no gate
Zamix's base· Open — unwalled flank
Amok_Global's base· Open — unwalled flank
Wowi's base· ✓ Closed at 20:03 · 37t walls · 3 gate(s)
DaViD's base· Open — unwalled flank
TehLegend's base· Open — unwalled flank
5c0mentz's base· Open — unwalled flank
Smoothed initial terrain · ◌ = detected wall gap · hover for details
Inputs per minute
— PolloCop - - miner_mines
Build order — PolloCop
First 150 of 312 actions detected
| 0:01 | Research | Loom |
| 0:05 | Build | House |
| 0:06 | Build | House |
| 0:07 | Create | Villager (Male) |
| 0:08 | Create | Villager (Male) |
| 0:08 | Create | Villager (Male) |
| 0:33 | Create | Villager (Male) |
| 0:33 | Create | Villager (Male) |
| 1:44 | Create | Villager (Male) |
| 2:13 | Build | Lumber Camp |
| 2:17 | Create | Villager (Male) |
| 2:37 | Create | Villager (Male) |
| 3:03 | Create | Villager (Male) |
| 3:59 | Create | Villager (Male) |
| 4:19 | Build | House |
| 4:21 | Create | Villager (Male) |
| 4:35 | Build | Mill |
| 4:48 | Create | Villager (Male) |
| 4:48 | Create | Villager (Male) |
| 4:48 | Create | Villager (Male) |
| 5:21 | Build | House |
| 5:41 | Create | Villager (Male) |
| 5:41 | Create | Villager (Male) |
| 5:41 | Create | Villager (Male) |
| 6:11 | Create | Villager (Male) |
| 6:11 | Create | Villager (Male) |
| 7:54 | Research | Feudal Age |
| 8:22 | Build | Barracks |
| 9:03 | Build | Mill |
| 9:26 | Create | Villager (Male) |
| 9:26 | Create | Villager (Male) |
| 9:58 | Age | Feudal Age |
| 10:18 | Build | Stable |
| 10:30 | Build | Farm |
| 10:56 | Build | Farm |
| 10:58 | Create | Villager (Male) |
| 10:59 | Create | Villager (Male) |
| 11:23 | Build | House |
| 11:27 | Create | Villager (Male) |
| 11:40 | Research | Double-Bit Axe |
| 11:43 | Research | Horse Collar |
| 11:45 | Create | Scout Cavalry |
| 11:46 | Create | Scout Cavalry |
| 11:46 | Create | Scout Cavalry |
| 11:47 | Create | Scout Cavalry |
| 11:58 | Build | House |
| 12:05 | Create | Villager (Male) |
| 12:38 | Build | House |
| 12:40 | Create | Villager (Male) |
| 12:47 | Create | Villager (Male) |
| 13:39 | Build | Mining Camp |
| 13:40 | Create | Villager (Male) |
| 13:40 | Create | Villager (Male) |
| 13:59 | Build | Blacksmith |
| 14:01 | Create | Villager (Male) |
| 14:08 | Create | Villager (Male) |
| 14:25 | Create | Villager (Male) |
| 14:28 | Build | Farm |
| 15:02 | Create | Scout Cavalry |
| 15:02 | Create | Scout Cavalry |
| 15:07 | Build | Farm |
| 15:08 | Build | Farm |
| 15:08 | Build | Farm |
| 15:09 | Build | Farm |
| 15:12 | Build | Farm |
| 15:13 | Create | Villager (Male) |
| 15:18 | Build | Farm |
| 15:37 | Build | House |
| 15:41 | Create | Scout Cavalry |
| 15:44 | Build | Farm |
| 15:57 | Build | Farm |
| 15:58 | Build | Farm |
| 15:58 | Build | Farm |
| 15:59 | Build | Farm |
| 16:00 | Build | Farm |
| 16:02 | Create | Villager (Male) |
| 16:03 | Create | Villager (Male) |
| 16:05 | Build | Farm |
| 16:36 | Build | Farm |
| 16:38 | Create | Villager (Male) |
| 16:41 | Create | Scout Cavalry |
| 17:05 | Build | Farm |
| 17:07 | Create | Villager (Male) |
| 17:07 | Create | Villager (Male) |
| 17:35 | Create | Villager (Male) |
| 18:05 | Create | Spearman |
| 18:08 | Create | Militia |
| 18:09 | Create | Militia |
| 18:12 | Create | Scout Cavalry |
| 18:13 | Create | Scout Cavalry |
| 18:16 | Build | Farm |
| 18:17 | Build | Farm |
| 18:25 | Create | Militia |
| 18:36 | Build | Farm |
| 18:42 | Create | Scout Cavalry |
| 18:56 | Research | Man-at-Arms (upgrade) |
| 19:04 | Create | Villager (Male) |
| 19:17 | Build | House |
| 19:22 | Build | House |
| 20:18 | Build | House |
| 21:22 | Build | House |
| 21:23 | Research | Castle Age |
| 22:38 | Build | Market |
| 22:59 | Research | Wheelbarrow |
| 23:49 | Age | Castle Age |
| 23:52 | Create | Villager (Male) |
| 23:52 | Create | Villager (Male) |
| 23:55 | Research | Heavy Plow |
| 23:57 | Research | Bow Saw |
| 24:21 | Build | Town Center |
| 24:27 | Create | Camel Scout |
| 24:27 | Create | Camel Scout |
| 24:28 | Create | Camel Scout |
| 24:29 | Create | Camel Scout |
| 24:29 | Create | Camel Scout |
| 24:43 | Build | House |
| 24:45 | Build | House |
| 24:49 | Build | House |
| 24:50 | Build | House |
| 24:52 | Build | House |
| 24:57 | Create | Villager (Male) |
| 24:57 | Create | Villager (Male) |
| 25:04 | Create | Villager (Male) |
| 25:07 | Create | Camel Scout |
| 25:08 | Create | Camel Scout |
| 25:24 | Build | Town Center |
| 25:25 | Create | Villager (Male) |
| 25:25 | Create | Villager (Male) |
| 25:26 | Create | Villager (Male) |
| 25:26 | Create | Villager (Male) |
| 25:26 | Create | Villager (Male) |
| 25:32 | Research | Gold Mining |
| 25:34 | Create | Villager (Male) |
| 25:37 | Create | Villager (Male) |
| 25:38 | Create | Villager (Male) |
| 25:54 | Build | Farm |
| 25:56 | Create | Villager (Male) |
| 25:57 | Create | Villager (Male) |
| 26:05 | Build | Mining Camp |
| 26:11 | Create | Villager (Male) |
| 26:11 | Create | Villager (Male) |
| 26:16 | Create | Camel Scout |
| 26:16 | Create | Camel Scout |
| 26:38 | Build | Farm |
| 26:38 | Build | Farm |
| 26:40 | Create | Villager (Male) |
| 26:40 | Create | Villager (Male) |
| 26:42 | Create | Villager (Male) |
| 26:42 | Create | Villager (Male) |
| 26:43 | Create | Villager (Male) |
Build order — miner_mines
First 150 of 477 actions detected
| 0:01 | Create | Villager (Male) |
| 0:02 | Create | Villager (Male) |
| 0:02 | Create | Villager (Male) |
| 0:02 | Create | Villager (Male) |
| 0:05 | Build | House |
| 0:07 | Build | House |
| 1:23 | Create | Villager (Male) |
| 1:23 | Create | Villager (Male) |
| 1:43 | Create | Villager (Male) |
| 1:47 | Build | Lumber Camp |
| 2:15 | Create | Villager (Male) |
| 2:38 | Create | Villager (Male) |
| 3:08 | Create | Villager (Male) |
| 3:32 | Build | House |
| 3:51 | Create | Villager (Male) |
| 4:00 | Build | Mill |
| 4:37 | Create | Villager (Male) |
| 4:37 | Create | Villager (Male) |
| 4:38 | Create | Villager (Male) |
| 5:16 | Build | House |
| 5:42 | Create | Villager (Male) |
| 6:16 | Create | Villager (Male) |
| 6:24 | Research | Loom |
| 7:27 | Research | Feudal Age |
| 7:38 | Build | House |
| 8:14 | Build | House |
| 8:24 | Build | Barracks |
| 8:45 | Build | Palisade Wall |
| 9:22 | Create | Villager (Male) |
| 9:23 | Create | Villager (Male) |
| 9:37 | Age | Feudal Age |
| 9:47 | Build | Stable |
| 10:07 | Create | Villager (Male) |
| 10:09 | Research | Double-Bit Axe |
| 10:24 | Create | Villager (Male) |
| 10:29 | Create | Scout Cavalry |
| 10:29 | Create | Scout Cavalry |
| 10:45 | Build | Farm |
| 10:59 | Create | Villager (Male) |
| 11:01 | Create | Scout Cavalry |
| 11:18 | Build | Farm |
| 11:22 | Build | Farm |
| 11:30 | Create | Villager (Male) |
| 11:55 | Create | Villager (Male) |
| 12:16 | Build | Farm |
| 12:21 | Build | Farm |
| 12:25 | Create | Scout Cavalry |
| 12:38 | Create | Villager (Male) |
| 13:04 | Create | Scout Cavalry |
| 13:23 | Create | Villager (Male) |
| 13:38 | Build | Farm |
| 13:38 | Build | Farm |
| 13:39 | Build | Farm |
| 13:40 | Build | Farm |
| 13:44 | Build | House |
| 13:53 | Create | Spearman |
| 14:03 | Create | Spearman |
| 14:06 | Create | Villager (Male) |
| 14:06 | Create | Villager (Male) |
| 14:16 | Build | House |
| 14:26 | Build | House |
| 14:29 | Build | House |
| 14:32 | Create | Villager (Male) |
| 14:33 | Create | Villager (Male) |
| 14:59 | Create | Villager (Male) |
| 15:15 | Create | Scout Cavalry |
| 15:30 | Build | House |
| 15:35 | Create | Villager (Male) |
| 15:44 | Create | Villager (Male) |
| 15:46 | Create | Scout Cavalry |
| 15:54 | Create | Spearman |
| 16:12 | Create | Villager (Male) |
| 16:15 | Build | House |
| 16:18 | Build | Mining Camp |
| 16:23 | Create | Villager (Male) |
| 16:38 | Create | Scout Cavalry |
| 17:01 | Create | Spearman |
| 17:08 | Create | Villager (Male) |
| 17:11 | Create | Scout Cavalry |
| 18:05 | Create | Villager (Male) |
| 18:06 | Create | Villager (Male) |
| 18:10 | Create | Scout Cavalry |
| 18:11 | Create | Scout Cavalry |
| 18:36 | Build | Archery Range |
| 18:41 | Build | Stable |
| 18:43 | Build | Stable |
| 18:45 | Create | Villager (Male) |
| 18:54 | Build | House |
| 18:59 | Build | House |
| 19:00 | Build | House |
| 19:01 | Build | House |
| 19:03 | Build | House |
| 19:06 | Build | Palisade Wall |
| 19:09 | Create | Villager (Male) |
| 19:13 | Build | Farm |
| 19:13 | Build | Farm |
| 19:14 | Build | Farm |
| 19:17 | Build | Farm |
| 19:17 | Build | Farm |
| 19:18 | Build | Farm |
| 19:18 | Build | Farm |
| 19:22 | Research | Horse Collar |
| 19:23 | Create | Villager (Male) |
| 19:31 | Build | House |
| 19:44 | Create | Villager (Male) |
| 20:03 | Build | House |
| 20:14 | Build | House |
| 20:19 | Build | Farm |
| 20:20 | Build | Farm |
| 20:23 | Build | House |
| 20:27 | Build | Palisade Wall |
| 20:33 | Build | House |
| 20:34 | Build | House |
| 20:37 | Create | Villager (Male) |
| 20:42 | Build | Farm |
| 20:46 | Build | Farm |
| 20:52 | Build | Farm |
| 21:21 | Build | Farm |
| 21:23 | Create | Villager (Male) |
| 21:23 | Create | Villager (Male) |
| 21:29 | Build | Farm |
| 21:42 | Build | Market |
| 21:54 | Build | House |
| 21:57 | Build | House |
| 22:07 | Build | Farm |
| 22:11 | Build | Farm |
| 22:13 | Create | Villager (Male) |
| 22:20 | Build | Farm |
| 22:39 | Create | Villager (Male) |
| 22:40 | Build | Farm |
| 22:45 | Build | Farm |
| 22:55 | Research | Castle Age |
| 23:12 | Build | Farm |
| 23:19 | Build | Farm |
| 23:49 | Build | Farm |
| 23:58 | Build | Farm |
| 24:47 | Create | Scout Cavalry |
| 24:48 | Create | Scout Cavalry |
| 25:17 | Research | Bloodlines |
| 25:30 | Build | Barracks |
| 25:33 | Create | Villager (Male) |
| 25:34 | Create | Villager (Male) |
| 25:44 | Age | Castle Age |
| 25:50 | Create | Fire Lancer |
| 25:50 | Create | Fire Lancer |
| 25:54 | Create | Villager (Male) |
| 26:08 | Build | Barracks |
| 26:19 | Create | Fire Lancer |
| 26:20 | Create | Fire Lancer |
| 27:05 | Build | Farm |
Build order — Zamix
First 150 of 276 actions detected
| 0:03 | Build | House |
| 0:04 | Build | House |
| 0:08 | Create | Villager (Male) ×4 |
| 0:09 | Create | Villager (Male) ×4 |
| 1:46 | Create | Villager (Male) |
| 2:04 | Create | Villager (Male) |
| 2:28 | Create | Villager (Male) |
| 2:28 | Create | Villager (Male) |
| 2:49 | Create | Villager (Male) |
| 3:25 | Create | Villager (Male) |
| 3:25 | Create | Villager (Male) |
| 3:26 | Create | Villager (Male) |
| 3:26 | Create | Villager (Male) |
| 3:41 | Build | House |
| 3:43 | Build | Lumber Camp |
| 3:53 | Create | Villager (Male) |
| 4:19 | Create | Villager (Male) |
| 4:31 | Create | Villager (Male) |
| 4:33 | Create | Villager (Male) |
| 5:30 | Create | Villager (Male) ×2 |
| 5:34 | Research | Loom |
| 5:57 | Build | Mill |
| 7:20 | Research | Feudal Age |
| 7:30 | Build | Mining Camp |
| 7:52 | Build | Barracks |
| 8:06 | Create | Villager (Male) |
| 8:50 | Build | Mill |
| 9:21 | Build | House |
| 9:30 | Age | Feudal Age |
| 9:38 | Create | Villager (Male) |
| 9:39 | Research | Double-Bit Axe |
| 9:48 | Create | Spearman |
| 9:48 | Create | Spearman |
| 10:15 | Build | House |
| 10:18 | Build | House |
| 10:27 | Create | Spearman |
| 10:38 | Create | Villager (Male) |
| 10:38 | Create | Villager (Male) |
| 10:48 | Build | House |
| 11:14 | Create | Villager (Male) |
| 11:16 | Create | Villager (Male) |
| 12:05 | Build | Archery Range |
| 12:10 | Create | Villager (Male) ×4 |
| 12:49 | Create | Villager (Male) |
| 13:18 | Build | Farm |
| 13:18 | Build | Farm |
| 13:19 | Build | Farm |
| 13:19 | Build | Farm |
| 13:19 | Build | Farm |
| 13:20 | Build | Farm |
| 13:20 | Build | Farm |
| 13:28 | Create | Villager (Male) ×4 |
| 13:34 | Build | Farm |
| 13:41 | Build | Farm |
| 14:14 | Build | Lumber Camp |
| 14:20 | Create | Villager (Male) |
| 14:25 | Build | Farm |
| 14:31 | Create | Villager (Male) |
| 14:34 | Create | Villager (Male) |
| 14:39 | Build | Farm |
| 14:59 | Build | Farm |
| 14:59 | Build | Farm |
| 15:00 | Build | Farm |
| 15:00 | Build | Farm |
| 15:07 | Create | Spearman |
| 15:07 | Create | Spearman |
| 15:22 | Build | House |
| 15:25 | Build | House |
| 15:26 | Build | House |
| 15:27 | Build | House |
| 15:46 | Create | Villager (Male) ×3 |
| 15:50 | Build | Farm |
| 15:51 | Build | Farm |
| 15:51 | Build | Farm |
| 15:51 | Build | Farm |
| 15:51 | Build | Farm |
| 15:52 | Build | Farm |
| 15:52 | Build | Farm |
| 15:52 | Build | Farm |
| 16:14 | Create | Spearman |
| 16:39 | Create | Archer ×5 |
| 16:47 | Build | Farm |
| 16:47 | Build | Farm |
| 16:49 | Build | Farm |
| 16:49 | Build | Farm |
| 17:29 | Create | Archer ×5 |
| 17:33 | Build | Farm |
| 17:33 | Build | Farm |
| 17:33 | Build | Farm |
| 17:33 | Build | Farm |
| 17:34 | Build | Farm |
| 17:43 | Build | Farm |
| 17:47 | Build | Farm |
| 18:22 | Build | Archery Range |
| 18:45 | Create | Villager (Male) |
| 18:55 | Build | Blacksmith |
| 19:08 | Build | House |
| 19:09 | Build | House |
| 19:10 | Build | House |
| 19:19 | Build | Mining Camp |
| 19:21 | Research | Castle Age |
| 19:31 | Research | Gold Mining |
| 20:24 | Research | Stone Mining |
| 20:38 | Build | Stone Wall |
| 20:54 | Research | Fletching |
| 20:55 | Research | Forging |
| 21:05 | Build | House |
| 21:07 | Build | House |
| 21:42 | Create | Villager (Male) ×5 |
| 21:50 | Build | Gate |
| 21:57 | Build | Gate |
| 22:01 | Age | Castle Age |
| 22:02 | Build | Gate |
| 22:08 | Build | Town Center |
| 23:24 | Research | Crossbowman (upgrade) |
| 24:54 | Create | Villager (Male) ×5 |
| 24:55 | Research | Wheelbarrow |
| 25:05 | Build | Town Center |
| 25:23 | Research | Bodkin Arrow |
| 25:23 | Research | Iron Casting |
| 25:25 | Research | Pikeman (upgrade) |
| 25:33 | Create | Villager (Male) ×2 |
| 25:35 | Create | Villager (Male) |
| 25:48 | Research | Horse Collar |
| 25:48 | Research | Horse Collar |
| 26:05 | Build | Stone Wall |
| 26:19 | Build | Stone Wall |
| 26:34 | Create | Skirmisher ×5 |
| 26:34 | Create | Skirmisher ×5 |
| 26:57 | Create | Skirmisher |
| 26:58 | Research | Elite Skirmisher (upgrade) |
| 27:03 | Build | Farm |
| 28:37 | Research | Hand Cart |
| 28:37 | Create | Villager (Male) ×4 |
| 29:15 | Create | Villager (Male) ×3 |
| 29:18 | Build | Mining Camp |
| 29:28 | Build | Stone Wall |
| 29:33 | Build | Castle |
| 29:42 | Create | Villager (Male) ×2 |
| 29:52 | Build | Mining Camp |
| 30:06 | Build | Gate |
| 30:22 | Build | Monastery |
| 30:25 | Build | University |
| 30:42 | Create | Archer ×5 |
| 30:44 | Create | Archer ×5 |
| 30:48 | Research | Padded Archer Armor |
| 30:48 | Research | Scale Mail Armor |
| 31:12 | Build | Stone Wall |
| 31:27 | Build | Stone Wall |
| 31:41 | Create | Villager (Male) ×5 |
Build order — Amok_Global
First 150 of 279 actions detected
| 0:06 | Create | Villager (Male) |
| 0:06 | Create | Villager (Male) |
| 0:06 | Create | Villager (Male) |
| 0:15 | Build | House |
| 0:51 | Create | Villager (Male) |
| 0:51 | Create | Villager (Male) |
| 1:11 | Build | House |
| 2:06 | Create | Villager (Male) |
| 3:01 | Create | Villager (Male) |
| 3:01 | Create | Villager (Male) |
| 3:50 | Research | Loom |
| 4:05 | Create | Villager (Male) |
| 4:20 | Create | Villager (Male) |
| 4:46 | Create | Villager (Male) |
| 4:47 | Create | Villager (Male) |
| 4:56 | Build | Mill |
| 5:33 | Build | House |
| 5:41 | Build | House |
| 6:15 | Create | Villager (Male) |
| 6:15 | Create | Villager (Male) |
| 6:25 | Build | Lumber Camp |
| 6:35 | Create | Villager (Male) |
| 7:46 | Research | Feudal Age |
| 9:17 | Create | Villager (Male) |
| 9:17 | Create | Villager (Male) |
| 9:40 | Build | Barracks |
| 9:50 | Age | Feudal Age |
| 10:02 | Create | Villager (Male) |
| 10:23 | Build | Mining Camp |
| 10:40 | Build | Blacksmith |
| 11:05 | Create | Villager (Male) |
| 11:33 | Build | Market |
| 11:37 | Create | Villager (Male) |
| 11:38 | Create | Villager (Male) |
| 11:53 | Build | Farm |
| 11:54 | Build | Farm |
| 11:56 | Build | Farm |
| 11:58 | Build | Farm |
| 12:28 | Research | Town Watch |
| 12:30 | Create | Villager (Male) |
| 13:08 | Build | House |
| 13:32 | Create | Spearman |
| 13:32 | Create | Spearman |
| 13:33 | Create | Spearman |
| 13:37 | Create | Spearman |
| 13:52 | Build | Farm |
| 13:58 | Build | Farm |
| 14:25 | Build | Farm |
| 14:36 | Build | Farm |
| 15:13 | Build | Farm |
| 15:15 | Build | Farm |
| 15:21 | Create | Villager (Male) |
| 15:21 | Create | Villager (Male) |
| 15:34 | Build | House |
| 15:42 | Build | Farm |
| 15:47 | Create | Villager (Male) |
| 15:55 | Research | Scale Mail Armor |
| 15:55 | Research | Forging |
| 16:05 | Build | House |
| 16:47 | Create | Villager (Male) |
| 17:00 | Build | Farm |
| 17:10 | Build | Farm |
| 17:11 | Build | Farm |
| 17:13 | Build | Farm |
| 17:28 | Create | Villager (Male) |
| 17:37 | Build | Farm |
| 17:51 | Build | Farm |
| 17:56 | Create | Villager (Male) |
| 17:57 | Create | Villager (Male) |
| 18:14 | Research | Fletching |
| 18:33 | Build | Archery Range |
| 18:47 | Build | Stable |
| 18:51 | Create | Villager (Male) |
| 19:03 | Build | House |
| 19:08 | Create | Villager (Male) |
| 19:22 | Build | Farm |
| 19:27 | Create | Villager (Male) |
| 19:38 | Build | House |
| 19:55 | Build | Farm |
| 19:58 | Research | Horse Collar |
| 20:32 | Build | Farm |
| 20:40 | Create | Villager (Male) |
| 21:03 | Build | House |
| 21:07 | Build | House |
| 21:10 | Build | House |
| 21:15 | Research | Castle Age |
| 21:27 | Build | Farm |
| 21:34 | Research | Double-Bit Axe |
| 22:20 | Build | Mining Camp |
| 22:24 | Create | Villager (Male) |
| 22:25 | Create | Villager (Male) |
| 23:27 | Research | Scale Barding Armor |
| 23:41 | Age | Castle Age |
| 24:04 | Create | Knight |
| 24:04 | Create | Knight |
| 24:05 | Create | Knight |
| 25:04 | Build | Farm |
| 25:07 | Research | Scale Barding Armor |
| 25:20 | Research | Husbandry |
| 25:36 | Build | Mining Camp |
| 26:15 | Create | Villager (Male) |
| 26:15 | Create | Villager (Male) |
| 27:00 | Create | Villager (Male) |
| 27:00 | Create | Villager (Male) |
| 27:00 | Create | Villager (Male) |
| 27:20 | Research | Padded Archer Armor |
| 27:47 | Build | Lumber Camp |
| 28:24 | Build | Farm |
| 28:38 | Create | Villager (Male) |
| 28:38 | Create | Villager (Male) |
| 28:38 | Create | Villager (Male) |
| 28:39 | Create | Villager (Male) |
| 28:39 | Create | Villager (Male) |
| 29:35 | Build | Castle |
| 30:33 | Build | Town Center |
| 32:42 | Research | Crossbowman (upgrade) |
| 32:55 | Create | Villager (Male) |
| 32:55 | Create | Villager (Male) |
| 33:17 | Build | Town Center |
| 33:33 | Research | Leather Archer Armor |
| 33:53 | Research | Kamandaran |
| 33:59 | Create | Villager (Male) |
| 34:00 | Create | Villager (Male) |
| 34:00 | Create | Villager (Male) |
| 34:20 | Research | Squires |
| 35:07 | Create | Villager (Male) |
| 35:07 | Create | Villager (Male) |
| 35:08 | Create | Villager (Male) |
| 35:08 | Create | Villager (Male) |
| 35:08 | Create | Villager (Male) |
| 35:15 | Create | Villager (Male) |
| 35:15 | Create | Villager (Male) |
| 35:21 | Create | Villager (Male) |
| 35:22 | Create | Villager (Male) |
| 35:22 | Create | Villager (Male) |
| 35:22 | Create | Villager (Male) |
| 35:23 | Create | Villager (Male) |
| 35:23 | Create | Villager (Male) |
| 35:23 | Create | Villager (Male) |
| 35:24 | Create | Villager (Male) |
| 35:37 | Create | Archer |
| 35:38 | Create | Archer |
| 35:38 | Create | Archer |
| 35:38 | Create | Archer |
| 35:38 | Create | Archer |
| 35:39 | Create | Archer |
| 35:47 | Create | Villager (Male) |
| 35:47 | Create | Villager (Male) |
| 35:47 | Create | Villager (Male) |
| 36:58 | Create | Villager (Male) |
Build order — Wowi
First 150 of 477 actions detected
| 0:05 | Build | House |
| 0:06 | Build | House |
| 0:06 | Create | Villager (Male) |
| 0:06 | Create | Villager (Male) |
| 0:07 | Create | Villager (Male) |
| 0:07 | Create | Villager (Male) |
| 1:29 | Create | Villager (Male) |
| 1:29 | Create | Villager (Male) |
| 1:44 | Create | Villager (Male) |
| 1:44 | Create | Villager (Male) |
| 1:56 | Build | Lumber Camp |
| 2:14 | Create | Villager (Male) |
| 2:14 | Create | Villager (Male) |
| 2:38 | Create | Villager (Male) |
| 2:39 | Create | Villager (Male) |
| 3:04 | Build | House |
| 3:05 | Build | House |
| 3:17 | Create | Villager (Male) |
| 3:17 | Create | Villager (Male) |
| 3:53 | Create | Villager (Male) |
| 4:12 | Create | Villager (Male) |
| 4:13 | Create | Villager (Male) |
| 4:36 | Create | Villager (Male) |
| 4:36 | Create | Villager (Male) |
| 5:09 | Create | Villager (Male) |
| 5:09 | Create | Villager (Male) |
| 5:14 | Build | Mill |
| 5:33 | Create | Villager (Male) |
| 5:33 | Create | Villager (Male) |
| 5:47 | Create | Villager (Male) |
| 5:47 | Create | Villager (Male) |
| 6:18 | Create | Villager (Male) |
| 6:18 | Create | Villager (Male) |
| 6:18 | Create | Villager (Male) |
| 6:27 | Build | Mining Camp |
| 6:30 | Create | Villager (Male) |
| 6:30 | Create | Villager (Male) |
| 7:29 | Build | House |
| 7:30 | Build | House |
| 7:35 | Create | Villager (Male) |
| 7:41 | Build | Farm |
| 7:46 | Create | Villager (Male) |
| 8:07 | Build | Farm |
| 8:08 | Create | Villager (Male) |
| 8:32 | Build | Farm |
| 8:48 | Create | Villager (Male) |
| 8:56 | Build | Farm |
| 8:59 | Build | Barracks |
| 9:20 | Research | Feudal Age |
| 9:20 | Research | Feudal Age |
| 9:43 | Build | Palisade Gate |
| 10:13 | Build | Palisade Wall |
| 10:16 | Build | Palisade Wall |
| 10:21 | Create | Villager (Male) |
| 10:26 | Build | House |
| 10:28 | Build | House |
| 10:30 | Build | House |
| 10:44 | Build | Lumber Camp |
| 10:48 | Create | Villager (Male) |
| 11:30 | Age | Feudal Age |
| 11:32 | Research | Double-Bit Axe |
| 11:58 | Create | Villager (Male) |
| 12:02 | Build | Market |
| 12:24 | Create | Villager (Male) |
| 12:40 | Build | Blacksmith |
| 12:48 | Create | Villager (Male) |
| 13:07 | Research | Wheelbarrow |
| 13:12 | Build | Palisade Gate |
| 13:31 | Build | Farm |
| 13:33 | Build | Farm |
| 13:47 | Build | Mining Camp |
| 13:57 | Build | Palisade Wall |
| 14:09 | Create | Villager (Male) |
| 14:22 | Build | Stable |
| 14:27 | Create | Villager (Male) |
| 14:50 | Build | House |
| 14:51 | Build | House |
| 14:53 | Build | House |
| 15:17 | Build | Farm |
| 15:32 | Create | Villager (Male) |
| 15:44 | Build | Farm |
| 15:46 | Create | Villager (Male) |
| 15:52 | Build | Palisade Wall |
| 15:56 | Build | Palisade Wall |
| 16:08 | Build | Farm |
| 16:30 | Create | Villager (Male) |
| 16:33 | Build | Farm |
| 16:48 | Create | Villager (Male) |
| 16:51 | Build | Farm |
| 17:02 | Build | Farm |
| 17:11 | Build | Palisade Gate |
| 17:23 | Research | Castle Age |
| 17:23 | Research | Castle Age |
| 17:25 | Build | Farm |
| 17:44 | Research | Horse Collar |
| 18:16 | Research | Bloodlines |
| 18:43 | Research | Padded Archer Armor |
| 19:09 | Create | Villager (Male) |
| 19:21 | Create | Villager (Male) |
| 20:03 | Age | Castle Age |
| 20:05 | Research | Bow Saw |
| 20:10 | Build | Town Center |
| 20:15 | Create | Villager (Male) |
| 20:31 | Build | Castle |
| 20:35 | Create | Villager (Male) |
| 20:49 | Build | Monastery |
| 20:58 | Research | Leather Archer Armor |
| 21:04 | Build | Farm |
| 21:07 | Build | Farm |
| 21:09 | Create | Villager (Male) |
| 21:14 | Build | Mining Camp |
| 21:21 | Build | House |
| 21:26 | Build | Lumber Camp |
| 21:43 | Create | Villager (Male) |
| 21:43 | Create | Villager (Male) |
| 21:43 | Create | Villager (Male) |
| 21:44 | Create | Villager (Male) |
| 21:52 | Build | Town Center |
| 21:54 | Create | Monk |
| 21:57 | Create | Missionary |
| 22:17 | Create | Villager (Male) |
| 22:17 | Create | Villager (Male) |
| 22:20 | Build | Lumber Camp |
| 22:25 | Create | Conquistador |
| 22:25 | Create | Conquistador |
| 22:38 | Create | Conquistador |
| 22:38 | Create | Conquistador |
| 22:38 | Create | Conquistador |
| 22:40 | Create | Conquistador |
| 22:51 | Create | Villager (Male) |
| 23:00 | Build | House |
| 23:01 | Build | House |
| 23:10 | Build | Farm |
| 23:13 | Create | Villager (Male) |
| 23:18 | Create | Conquistador |
| 23:19 | Create | Conquistador |
| 23:32 | Create | Villager (Male) |
| 23:33 | Create | Villager (Male) |
| 23:33 | Create | Villager (Male) |
| 23:37 | Build | Farm |
| 23:47 | Build | House |
| 23:48 | Build | House |
| 23:50 | Build | House |
| 23:51 | Build | House |
| 23:51 | Build | House |
| 23:54 | Create | Villager (Male) |
| 23:56 | Create | Villager (Male) |
| 24:04 | Build | Farm |
| 24:08 | Research | Heavy Plow |
| 24:10 | Create | Villager (Male) |
Build order — DaViD
First 150 of 202 actions detected
| 0:05 | Build | House |
| 0:07 | Build | House |
| 0:49 | Create | Villager (Male) |
| 0:50 | Create | Villager (Male) |
| 0:50 | Create | Villager (Male) |
| 0:50 | Create | Villager (Male) |
| 2:34 | Build | Lumber Camp |
| 2:45 | Create | Villager (Male) |
| 2:46 | Create | Villager (Male) |
| 2:46 | Create | Villager (Male) |
| 4:32 | Create | Villager (Male) |
| 4:32 | Create | Villager (Male) |
| 5:06 | Build | Mill |
| 5:26 | Create | Villager (Male) |
| 5:26 | Create | Villager (Male) |
| 5:26 | Create | Villager (Male) |
| 5:26 | Create | Villager (Male) |
| 6:27 | Build | House |
| 6:32 | Build | House |
| 7:08 | Create | Villager (Male) |
| 7:08 | Create | Villager (Male) |
| 7:09 | Create | Villager (Male) |
| 7:09 | Create | Villager (Male) |
| 7:09 | Create | Villager (Male) |
| 9:01 | Create | Villager (Male) |
| 10:47 | Research | Loom |
| 10:57 | Research | Feudal Age |
| 11:15 | Create | Villager (Male) |
| 11:16 | Create | Villager (Male) |
| 11:16 | Create | Villager (Male) |
| 11:16 | Create | Villager (Male) |
| 11:28 | Build | Mill |
| 12:03 | Build | Farm |
| 12:03 | Build | Farm |
| 12:03 | Build | Farm |
| 12:04 | Build | Farm |
| 12:04 | Build | Farm |
| 12:08 | Build | Farm |
| 12:21 | Create | Villager (Male) ×3 |
| 12:30 | Build | Mining Camp |
| 12:51 | Build | Barracks |
| 13:22 | Age | Feudal Age |
| 13:43 | Build | Farm |
| 13:44 | Build | Farm |
| 13:44 | Build | Farm |
| 13:45 | Build | Farm |
| 13:52 | Build | Mining Camp |
| 14:01 | Build | Farm |
| 14:20 | Create | Spearman |
| 14:20 | Create | Spearman |
| 14:41 | Build | Stable |
| 14:50 | Research | Double-Bit Axe |
| 15:09 | Build | House |
| 15:10 | Build | House |
| 15:11 | Build | House |
| 15:12 | Build | House |
| 15:13 | Build | House |
| 16:29 | Build | Blacksmith |
| 17:11 | Create | Villager (Male) |
| 17:12 | Create | Villager (Male) |
| 18:02 | Research | Castle Age |
| 18:36 | Research | Wheelbarrow |
| 18:39 | Create | Villager (Male) ×2 |
| 19:27 | Build | Market |
| 20:04 | Research | Horse Collar |
| 20:10 | Research | Stone Mining |
| 20:11 | Research | Gold Mining |
| 20:19 | Research | Gold Mining |
| 20:52 | Age | Castle Age |
| 20:54 | Build | Monastery |
| 21:16 | Build | University |
| 22:01 | Create | Monk |
| 22:31 | Create | Knight ×4 |
| 22:32 | Create | Knight ×4 |
| 22:48 | Build | House |
| 22:49 | Build | House |
| 22:50 | Build | House |
| 22:51 | Build | House |
| 22:51 | Build | House |
| 24:07 | Research | Hand Cart |
| 24:21 | Create | Villager (Male) ×5 |
| 24:21 | Create | Villager (Male) ×5 |
| 24:21 | Create | Villager (Male) ×5 |
| 24:22 | Create | Villager (Male) |
| 25:08 | Create | Monk |
| 25:21 | Build | Mining Camp |
| 26:37 | Create | Knight ×5 |
| 26:37 | Create | Knight ×5 |
| 26:37 | Create | Knight ×2 |
| 26:38 | Create | Knight |
| 26:38 | Create | Knight |
| 27:46 | Build | Stone Wall |
| 30:38 | Build | Town Center |
| 30:51 | Build | Mining Camp |
| 31:02 | Research | Heavy Plow |
| 31:44 | Build | Stone Wall |
| 32:11 | Build | Mining Camp |
| 32:29 | Research | Imperial Age |
| 32:30 | Create | Villager (Male) ×5 |
| 32:30 | Create | Villager (Male) ×5 |
| 32:31 | Create | Villager (Male) |
| 33:41 | Create | Monk |
| 34:34 | Create | Villager (Male) ×5 |
| 34:35 | Create | Villager (Male) ×5 |
| 34:35 | Create | Villager (Male) ×5 |
| 34:35 | Create | Villager (Male) ×3 |
| 34:36 | Create | Villager (Male) |
| 35:12 | Build | Stone Wall |
| 35:39 | Age | Imperial Age |
| 36:22 | Research | Stone Shaft Mining |
| 36:26 | Research | Bow Saw |
| 36:39 | Create | Villager (Male) ×4 |
| 36:40 | Create | Villager (Male) |
| 36:40 | Create | Villager (Male) |
| 36:46 | Build | Farm |
| 36:46 | Build | Farm |
| 36:47 | Build | Farm |
| 36:47 | Build | Farm |
| 36:47 | Build | Farm |
| 36:47 | Build | Farm |
| 36:48 | Build | Farm |
| 37:19 | Build | Mining Camp |
| 37:39 | Build | Castle |
| 38:02 | Build | Gate |
| 39:10 | Build | Farm |
| 39:10 | Build | Farm |
| 39:11 | Build | Farm |
| 39:16 | Create | Villager (Male) |
| 39:29 | Build | House |
| 39:33 | Build | House |
| 39:33 | Build | House |
| 39:35 | Build | House |
| 39:35 | Build | House |
| 39:36 | Build | House |
| 39:36 | Build | House |
| 39:37 | Build | House |
| 39:37 | Build | House |
| 39:38 | Build | House |
| 39:38 | Build | House |
| 39:39 | Build | House |
| 39:39 | Build | House |
| 39:39 | Build | House |
| 39:40 | Build | House |
| 39:40 | Build | House |
| 39:40 | Build | House |
| 39:41 | Build | House |
| 39:41 | Build | House |
| 39:41 | Build | House |
| 39:42 | Build | House |
| 39:42 | Build | House |
Build order — TehLegend
First 150 of 286 actions detected
| 0:03 | Build | House |
| 0:05 | Build | House |
| 0:06 | Create | Villager (Male) |
| 0:30 | Create | Villager (Male) |
| 0:35 | Create | Villager (Male) |
| 0:36 | Create | Villager (Male) |
| 1:55 | Create | Villager (Male) |
| 2:05 | Create | Villager (Male) |
| 2:25 | Create | Villager (Male) |
| 2:56 | Create | Villager (Male) |
| 2:58 | Create | Villager (Male) |
| 4:17 | Create | Villager (Male) |
| 4:19 | Create | Villager (Male) |
| 4:20 | Create | Villager (Male) |
| 4:26 | Build | House |
| 4:31 | Build | House |
| 5:15 | Create | Villager (Male) |
| 5:41 | Build | Mill |
| 6:01 | Create | Villager (Male) |
| 6:07 | Create | Villager (Male) |
| 7:12 | Build | Lumber Camp |
| 7:19 | Create | Villager (Male) |
| 7:20 | Create | Villager (Male) |
| 7:35 | Create | Villager (Male) |
| 8:15 | Create | Villager (Male) |
| 8:37 | Build | House |
| 8:44 | Build | House |
| 8:57 | Build | Barracks |
| 9:01 | Create | Villager (Male) |
| 10:09 | Research | Feudal Age |
| 10:24 | Build | Mining Camp |
| 11:14 | Create | Villager (Male) |
| 11:15 | Create | Villager (Male) |
| 11:15 | Create | Villager (Male) |
| 12:19 | Age | Feudal Age |
| 12:31 | Create | Villager (Male) |
| 12:46 | Research | Horse Collar |
| 12:51 | Build | Farm |
| 12:52 | Build | Farm |
| 12:52 | Build | Farm |
| 12:53 | Build | Farm |
| 12:54 | Build | Farm |
| 12:55 | Build | Farm |
| 12:56 | Build | Farm |
| 13:22 | Build | Blacksmith |
| 13:31 | Create | Villager (Male) |
| 13:32 | Create | Villager (Male) |
| 13:33 | Create | Villager (Male) |
| 13:33 | Create | Villager (Male) |
| 13:41 | Build | Farm |
| 13:53 | Build | Farm |
| 13:53 | Build | Farm |
| 13:53 | Build | Farm |
| 14:14 | Research | Double-Bit Axe |
| 14:56 | Build | Mining Camp |
| 15:09 | Create | Villager (Male) |
| 15:10 | Create | Villager (Male) |
| 15:30 | Build | Market |
| 15:51 | Build | House |
| 15:54 | Build | House |
| 15:57 | Build | House |
| 16:14 | Create | Villager (Male) |
| 16:49 | Build | Farm |
| 16:55 | Create | Villager (Male) |
| 16:56 | Create | Villager (Male) |
| 16:56 | Create | Villager (Male) |
| 17:00 | Build | Farm |
| 17:10 | Research | Gold Mining |
| 17:26 | Build | Farm |
| 17:53 | Build | Farm |
| 18:20 | Build | Lumber Camp |
| 18:40 | Research | Castle Age |
| 19:36 | Create | Villager (Male) |
| 19:47 | Create | Villager (Male) |
| 19:48 | Create | Villager (Male) |
| 19:48 | Create | Villager (Male) |
| 19:48 | Create | Villager (Male) |
| 21:20 | Age | Castle Age |
| 21:25 | Build | Town Center |
| 21:46 | Build | Town Center |
| 22:12 | Research | Padded Archer Armor |
| 22:13 | Research | Fletching |
| 22:18 | Research | Bow Saw |
| 22:22 | Research | Heavy Plow |
| 22:29 | Create | Villager (Male) |
| 22:30 | Create | Villager (Male) |
| 22:30 | Create | Villager (Male) |
| 22:30 | Create | Villager (Male) |
| 23:00 | Build | Monastery |
| 23:07 | Build | University |
| 23:26 | Build | Mining Camp |
| 23:38 | Create | Villager (Male) |
| 23:39 | Create | Villager (Male) |
| 23:39 | Create | Villager (Male) |
| 23:39 | Create | Villager (Male) |
| 23:40 | Create | Villager (Male) |
| 24:24 | Create | Monk |
| 24:35 | Build | House |
| 24:37 | Build | House |
| 24:39 | Build | House |
| 24:40 | Build | House |
| 24:42 | Build | House |
| 24:57 | Build | Stable |
| 25:00 | Build | Stable |
| 25:05 | Build | Farm |
| 25:06 | Create | Villager (Male) |
| 25:07 | Create | Villager (Male) |
| 25:08 | Create | Villager (Male) |
| 25:10 | Create | Villager (Male) |
| 25:11 | Create | Villager (Male) |
| 25:11 | Create | Villager (Male) |
| 25:11 | Create | Villager (Male) |
| 25:16 | Create | Villager (Male) |
| 25:16 | Create | Villager (Male) |
| 25:16 | Create | Villager (Male) |
| 25:16 | Create | Villager (Male) |
| 25:25 | Build | Farm |
| 25:32 | Build | Farm |
| 25:32 | Build | Farm |
| 25:33 | Build | Farm |
| 25:33 | Build | Farm |
| 25:47 | Create | Villager (Male) |
| 25:48 | Create | Villager (Male) |
| 25:48 | Create | Villager (Male) |
| 25:57 | Research | Stone Mining |
| 26:21 | Build | Castle |
| 26:30 | Create | Battle Elephant |
| 26:31 | Create | Battle Elephant |
| 26:40 | Create | Battle Elephant |
| 26:58 | Build | Siege Workshop |
| 27:03 | Create | Battle Elephant |
| 27:04 | Create | Battle Elephant |
| 27:11 | Build | Farm |
| 27:19 | Build | Mining Camp |
| 27:44 | Create | Battle Elephant |
| 27:44 | Create | Battle Elephant |
| 28:22 | Create | Battle Elephant |
| 28:22 | Create | Battle Elephant |
| 28:26 | Research | Masonry |
| 29:36 | Build | Stone Wall |
| 31:57 | Create | Villager (Male) |
| 31:57 | Create | Villager (Male) |
| 31:58 | Create | Villager (Male) |
| 32:03 | Research | Imperial Age |
| 32:07 | Create | Villager (Male) |
| 32:07 | Create | Villager (Male) |
| 32:25 | Build | Gate |
| 32:45 | Build | Lumber Camp |
| 32:59 | Build | Stone Wall |
| 33:20 | Build | Stone Wall |
Build order — 5c0mentz
First 150 of 230 actions detected
| 0:03 | Create | Villager (Male) ×4 |
| 0:06 | Build | House |
| 0:07 | Build | House |
| 1:55 | Build | Lumber Camp |
| 2:11 | Create | Villager (Male) |
| 2:37 | Create | Villager (Male) ×2 |
| 3:14 | Create | Villager (Male) |
| 4:32 | Create | Villager (Male) ×3 |
| 5:18 | Create | Villager (Male) ×2 |
| 5:27 | Build | House |
| 5:35 | Build | House |
| 5:45 | Create | Villager (Male) |
| 6:38 | Create | Villager (Male) ×3 |
| 7:09 | Build | Mill |
| 7:27 | Create | Villager (Male) |
| 9:17 | Research | Loom |
| 9:23 | Create | Villager (Male) |
| 9:40 | Build | House |
| 10:24 | Build | Lumber Camp |
| 10:43 | Build | Farm |
| 10:44 | Build | Farm |
| 10:45 | Build | Farm |
| 11:07 | Build | Farm |
| 11:16 | Build | Farm |
| 11:19 | Research | Feudal Age |
| 12:12 | Build | Farm |
| 12:27 | Build | Farm |
| 12:30 | Create | Villager (Male) ×5 |
| 12:50 | Build | Mining Camp |
| 13:15 | Build | Barracks |
| 13:21 | Build | Palisade Wall |
| 13:29 | Age | Feudal Age |
| 13:47 | Build | Blacksmith |
| 14:06 | Research | Double-Bit Axe |
| 14:40 | Build | Farm |
| 14:42 | Build | Farm |
| 15:29 | Create | Villager (Male) ×5 |
| 15:38 | Build | Farm |
| 16:03 | Build | House |
| 16:05 | Build | House |
| 16:07 | Build | House |
| 16:09 | Build | House |
| 16:11 | Build | House |
| 16:20 | Build | Farm |
| 16:37 | Build | Farm |
| 16:54 | Build | Farm |
| 17:05 | Build | Farm |
| 17:15 | Create | Spearman ×5 |
| 17:16 | Create | Spearman ×5 |
| 17:38 | Build | Farm |
| 18:01 | Build | Farm |
| 18:10 | Build | Blacksmith |
| 18:29 | Build | Stable |
| 18:39 | Build | Farm |
| 19:10 | Research | Horse Collar |
| 19:21 | Research | Castle Age |
| 19:47 | Build | Mining Camp |
| 21:07 | Research | Wheelbarrow |
| 21:15 | Create | Villager (Male) ×5 |
| 22:01 | Age | Castle Age |
| 23:25 | Build | Town Center |
| 24:25 | Research | Squires |
| 24:26 | Research | Pikeman (upgrade) |
| 24:32 | Research | Bloodlines |
| 24:37 | Research | Husbandry |
| 24:45 | Research | Wheelbarrow |
| 24:46 | Create | Villager (Male) ×5 |
| 24:47 | Create | Villager (Male) ×5 |
| 25:09 | Build | Mining Camp |
| 25:51 | Research | Stone Mining |
| 25:54 | Research | Gold Mining |
| 25:56 | Research | Heavy Plow |
| 25:59 | Research | Bow Saw |
| 26:14 | Research | Hand Cart |
| 26:14 | Create | Villager (Male) ×5 |
| 27:47 | Build | Mining Camp |
| 28:04 | Build | Mill |
| 28:09 | Build | Farm |
| 28:09 | Build | Farm |
| 28:18 | Create | Villager (Male) ×5 |
| 28:55 | Build | Farm |
| 29:07 | Build | House |
| 29:08 | Build | House |
| 29:09 | Build | House |
| 29:11 | Build | House |
| 29:12 | Build | House |
| 29:12 | Build | House |
| 29:14 | Build | House |
| 29:16 | Build | House |
| 29:22 | Build | Farm |
| 29:31 | Create | Villager (Male) ×5 |
| 30:07 | Build | Town Center |
| 32:35 | Build | Castle |
| 32:49 | Build | Mining Camp |
| 33:01 | Create | Villager (Male) ×5 |
| 33:01 | Create | Villager (Male) ×5 |
| 33:20 | Research | Town Watch |
| 33:20 | Create | Villager (Male) ×5 |
| 33:21 | Create | Villager (Male) ×5 |
| 33:48 | Create | Centurion ×5 |
| 34:14 | Create | Knight ×5 |
| 34:16 | Create | Knight ×5 |
| 35:03 | Research | Imperial Age |
| 35:06 | Research | Town Patrol |
| 35:37 | Build | Stone Wall |
| 36:23 | Create | Villager (Male) ×5 |
| 36:45 | Build | Barracks |
| 36:47 | Build | Barracks |
| 36:49 | Build | Barracks |
| 37:13 | Research | Gold Shaft Mining |
| 37:27 | Build | Gate |
| 39:01 | Build | Market |
| 39:17 | Create | Spearman ×5 |
| 39:17 | Create | Spearman ×5 |
| 39:17 | Create | Spearman ×5 |
| 39:18 | Create | Spearman ×5 |
| 39:38 | Build | Town Center |
| 39:48 | Research | Ballistas |
| 40:20 | Build | Town Center |
| 40:23 | Research | Caravan |
| 40:53 | Research | Forging |
| 41:05 | Age | Imperial Age |
| 41:07 | Build | University |
| 42:06 | Build | Siege Workshop |
| 42:40 | Create | Villager (Male) ×5 |
| 42:42 | Create | Villager (Male) ×5 |
| 42:50 | Research | Ballistics |
| 42:52 | Research | Masonry |
| 42:53 | Research | Chemistry |
| 43:22 | Research | Halberdier (upgrade) |
| 43:23 | Create | Spearman ×5 |
| 43:23 | Create | Spearman ×5 |
| 45:18 | Build | Farm |
| 45:19 | Build | Farm |
| 45:20 | Build | Farm |
| 45:21 | Build | Farm |
| 45:21 | Build | Farm |
| 45:55 | Build | Barracks |
| 45:57 | Build | Barracks |
| 45:58 | Build | Barracks |
| 45:59 | Build | Barracks |
| 46:00 | Build | Barracks |
| 46:03 | Build | Barracks |
| 46:11 | Build | Archery Range |
| 46:13 | Build | Archery Range |
| 46:14 | Build | Archery Range |
| 46:15 | Build | Archery Range |
| 46:16 | Build | Archery Range |
| 46:17 | Build | Archery Range |
| 46:53 | Create | Trade Cart ×5 |
Match timeline
| 7:52 | Zamix · first_building Barracks |
| 8:22 | PolloCop · first_building Barracks |
| 8:24 | miner_mines · first_building Barracks |
| 8:45 | miner_mines · wall_segment Palisade Wall x1 |
| 8:57 | TehLegend · first_building Barracks |
| 8:59 | Wowi · first_building Barracks |
| 9:30 | Zamix · age_up feudal |
| 9:37 | miner_mines · age_up feudal |
| 9:40 | Amok_Global · first_building Barracks |
| 9:47 | miner_mines · first_building Stable |
| 9:50 | Amok_Global · age_up feudal |
| 9:58 | PolloCop · age_up feudal |
| 10:13 | Wowi · wall_segment Palisade Wall x1 |
| 10:16 | Wowi · wall_segment Palisade Wall x6 |
| 10:18 | PolloCop · first_building Stable |
| 11:30 | Wowi · age_up feudal |
| 12:05 | Zamix · first_building Archery Range |
| 12:19 | TehLegend · age_up feudal |
| 12:51 | DaViD · first_building Barracks |
| 13:15 | 5c0mentz · first_building Barracks |
| 13:21 | 5c0mentz · wall_segment Palisade Wall x1 |
| 13:22 | DaViD · age_up feudal |
| 13:29 | 5c0mentz · age_up feudal |
| 13:57 | Wowi · wall_segment Palisade Wall x8 |
| 14:22 | Wowi · first_building Stable |
| 14:41 | DaViD · first_building Stable |
| 15:52 | Wowi · wall_segment Palisade Wall x7 |
| 15:56 | Wowi · wall_segment Palisade Wall x15 |
| 17:22 | Wowi · first_market_buy 100 food |
| 18:29 | 5c0mentz · first_building Stable |
| 18:33 | Amok_Global · first_building Archery Range |
| 18:36 | miner_mines · first_building Archery Range |
| 18:47 | Amok_Global · first_building Stable |
| 19:06 | miner_mines · wall_segment Palisade Wall x1 |
| 20:03 | Wowi · age_up castle |
| 20:27 | miner_mines · wall_segment Palisade Wall x1 |
| 20:31 | Wowi · first_building Castle |
| 20:38 | Zamix · wall_segment Stone Wall x17 |
| 20:49 | Wowi · first_building Monastery |
| 20:52 | DaViD · age_up castle |
| 20:54 | DaViD · first_building Monastery |
| 21:20 | TehLegend · age_up castle |
| 22:01 | Zamix · age_up castle |
| 22:01 | 5c0mentz · age_up castle |
| 22:51 | miner_mines · first_market_buy 100 food |
| 23:00 | TehLegend · first_building Monastery |
| 23:41 | Amok_Global · age_up castle |
| 23:49 | PolloCop · age_up castle |
| 24:57 | TehLegend · first_building Stable |
| 25:44 | miner_mines · age_up castle |
| 26:05 | Zamix · wall_segment Stone Wall x11 |
| 26:19 | Zamix · wall_segment Stone Wall x11 |
| 26:21 | TehLegend · first_building Castle |
| 26:58 | TehLegend · first_building Siege Workshop |
| 27:46 | DaViD · wall_segment Stone Wall x21 |
| 29:28 | Zamix · wall_segment Stone Wall x11 |
| 29:33 | Zamix · first_building Castle |
| 29:35 | Amok_Global · first_building Castle |
| 29:36 | TehLegend · wall_segment Stone Wall x27 |
| 30:22 | Zamix · first_building Monastery |
| 31:12 | Zamix · wall_segment Stone Wall x9 |
| 31:27 | Zamix · wall_segment Stone Wall x7 |
| 31:44 | DaViD · wall_segment Stone Wall x24 |
| 31:54 | Wowi · wall_segment Stone Wall x21 |
| 32:07 | Zamix · wall_segment Stone Wall x15 |
| 32:23 | Wowi · age_up imperial |
| 32:35 | 5c0mentz · first_building Castle |
| 32:36 | PolloCop · first_building Castle |
| 32:59 | TehLegend · wall_segment Stone Wall x13 |
| 33:18 | PolloCop · wall_segment Stone Wall x2 |
| 33:20 | TehLegend · wall_segment Stone Wall x3 |
| 33:23 | TehLegend · wall_segment Stone Wall x2 |
| 33:25 | TehLegend · wall_segment Stone Wall x2 |
| 33:28 | TehLegend · wall_segment Stone Wall x3 |
| 34:10 | miner_mines · first_market_sell 100 food |
| 34:58 | miner_mines · first_building Monastery |
| 35:12 | DaViD · wall_segment Stone Wall x12 |
| 35:13 | TehLegend · age_up imperial |
| 35:14 | TehLegend · wall_segment Stone Wall x10 |
| 35:37 | 5c0mentz · wall_segment Stone Wall x24 |
| 35:39 | DaViD · age_up imperial |
| 36:33 | Zamix · first_building Siege Workshop |
| 37:39 | DaViD · first_building Castle |
| 38:27 | miner_mines · age_up imperial |
| 41:05 | 5c0mentz · age_up imperial |
| 41:28 | Zamix · age_up imperial |
| 41:53 | miner_mines · wall_segment Palisade Wall x1 |
| 42:01 | Wowi · first_building Siege Workshop |
| 42:06 | 5c0mentz · first_building Siege Workshop |
| 42:29 | Zamix · wall_segment Stone Wall x14 |
| 43:02 | PolloCop · age_up imperial |
| 43:13 | Amok_Global · age_up imperial |
| 46:11 | 5c0mentz · first_building Archery Range |
| 48:07 | miner_mines · first_building Castle |
| 49:31 | PolloCop · resign |
| 50:25 | miner_mines · first_building Siege Workshop |
| 53:18 | 5c0mentz · first_market_buy 500 wood |
| 56:51 | Amok_Global · first_building Monastery |
| 56:52 | DaViD · wall_segment Stone Wall x4 |
| 57:02 | DaViD · wall_segment Stone Wall x1 |
| 57:04 | TehLegend · tribute_sent a jugador 1 |
| 57:04 | TehLegend · tribute_sent a jugador 2 |
| 57:04 | TehLegend · tribute_sent a jugador 3 |
| 57:04 | TehLegend · tribute_sent a jugador 4 |
| 57:04 | TehLegend · tribute_sent a jugador 5 |
| 57:04 | TehLegend · tribute_sent a jugador 6 |
| 57:04 | TehLegend · tribute_sent a jugador 8 |
| 57:18 | DaViD · wall_segment Stone Wall x2 |
| 57:25 | DaViD · wall_segment Stone Wall x1 |
| 57:35 | DaViD · wall_segment Stone Wall x1 |
| 58:08 | DaViD · wall_segment Stone Wall x1 |
| 62:24 | DaViD · wall_segment Stone Wall x9 |
[ AI ANALYSIS · 1 CREDIT ]
What really happened in this match?
Wolo.gg analyzes every decision: build order, eco, micro, common mistakes by bracket. Personalized analysis on WhatsApp or Discord in 30 seconds.
Civ guide
Persians
Perfil
Jugador #4346331